 Dungeon Crawl Stone Soup version 0.11.3 (console) character file.

222 Lightli the Skirmisher (level 4, -3/33 HPs)
             Began as a Mummy Stalker on June 20, 2022.
             Slain by a gnoll
             ... wielding a +1,+1 spear
              (6 damage)
             ... on Level 3 of the Dungeon.
             The game lasted 00:06:00 (5245 turns).

Lightli the Skirmisher (Mummy Stalker)              Turns: 5245, Time: 00:06:00

HP  -3/33        AC  3     Str 14      XL: 4   Next: 16%
MP   3/5         EV 12     Int 11      God:
Gold 144         SH  0     Dex 13      Spells:  2 memorised,  2 levels left

Res.Fire  : . . .   See Invis. : .   a - +2 dagger (curse) {=f}
Res.Cold  : + . .   Warding    : .   b - +0 robe (curse)
Life Prot.: + + +   Conserve   : .   (no shield)
Res.Poison: +       Res.Corr.  : .   (no helmet)
Res.Elec. : .       Clarity    : .   c - +0 cloak
Sust.Abil.: + .     Spirit.Shd : .   (no gloves)
Res.Mut.  : .       Stasis     : .   (no boots)
Res.Rott. : +       Ctrl.Telep.: .   (no amulet)
Saprovore : . . .   Levitation : .   m - ring of sustain abilities Ctrl.Flight: .
                                     l - cursed ring of protection from fire

@: slightly resistant to hostile enchantments, fairly stealthy
A: no food or potions, fire vulnerability, restore body, cold resistance 1, life
protection 3, poison resistance, torment resistance, unbreathing
a: no special abilities


You were on level 3 of the Dungeon.
You were not hungry.

You visited 1 branch of the dungeon, and saw 3 of its levels.

You collected 124 gold pieces.

Inventory:

Hand weapons
 a - a cursed +2,+2 dagger (weapon) {=f}
Armour
 b - a cursed +0 robe (worn)
 c - a +0 cloak (worn)
 i - a cursed -2 ring mail
 r - a +0 orcish scale mail
Scrolls
 f - a scroll of identify
 o - 2 scrolls of blinking
Jewellery
 l - a cursed ring of protection from fire (left hand)
 m - a ring of sustain abilities (right hand)
Potions
 e - 4 potions of confusion
 g - 4 potions of poison
 j - a potion of agility {unknown}
 k - a potion of water
 q - a potion of curing {unknown}
Books
 d - a book of Stalking

   Spells                             Type                      Level
   *Fulsome Distillation              Transmutation/Necromancy     1
   *Evaporate                         Fire/Transmutation           2
   Passwall                           Transmutation/Earth          3
   Petrify                            Transmutation/Earth          4
   Dig                                Transmutation/Earth          4
 p - a book of Party Tricks

   Spells                             Type                      Level
   Summon Butterflies                 Summoning                    1
   Apportation                        Translocation                1
   Blink                              Translocation                2
   Tukima's Dance                     Hexes                        3
   Alistair's Intoxication            Transmutation/Poison         4


   Skills:
 + Level 2.6 Fighting
 - Level 0.7 Short Blades
 - Level 1.5 Dodging
 - Level 1.5 Stealth
 - Level 1.5 Stabbing
 - Level 1.0 Spellcasting
 - Level 2.3 Transmutations
 - Level 1.6 Fire Magic


You had 2 spell levels left.
You knew the following spells:

 Your Spells              Type           Power        Failure   Level  Hunger
a - Fulsome Distillation  Trmt/Necr      N/A          24%         1    N/A
b - Evaporate             Fire/Trmt      #......      24%         2    N/A

Dungeon Overview and Level Annotations

Branches:
Dungeon (3/27)

Altars:


Innate Abilities, Weirdness & Mutations

You do not eat or drink.
Your flesh is vulnerable to fire.
Your flesh is cold resistant.
You are immune to negative energy.
Your system is resistant to poisons.
You are immune to unholy pain and torment.
You can survive without breathing.


Message History

You kill the gnoll!
The gnoll hits you from afar with a spear.
The gnoll barely misses you.
The gnoll hits you from afar with a spear.
* * * LOW HITPOINT WARNING * * *
The gnoll hits you from afar with a spear.
* * * LOW HITPOINT WARNING * * *
Found 18 arrows.
You see here a rat corpse.
Casting: Evaporate
Confirm with . or Enter, or press ? or * to list all spells.
Throw which potion? (? for menu, Esc to quit)
Where do you want to aim your 5 potions of confusion?
Aiming: Evaporate
Press: ? - help, Shift-Dir - straight line, f - gnoll
Aim: a gnoll, wielding a spear The potion explodes!
The cloud engulfs the gnoll.
The gnoll is engulfed in noxious fumes.
The gnoll hits you from afar with a spear.
You die...

...... . . ......
##..#.. ...... .....#.#
....... (.....# ###...
......# # ..# .....#
#.##### #.# #...#
#..§)§### #.##### #...#
##§...# #.....#
#)@.########...#.#
#####.#
#...g..........§.# #.#
#...########.#####
#.##########.#.....###.#
#.......#....#.###.#...#
####..#.#.####.### #.###
#%...#.#..#...# #.#
##.###....###.# #.#
#.......## #.# #.#


You could see a gnoll.

Vanquished Creatures
  A gnoll (D:3)
  A giant mite (D:3)
  3 giant geckos
  An orc (D:3)
  2 giant cockroaches
  8 hobgoblins
  A quokka (D:3)
  8 bats
  3 giant newts
  10 goblins
  8 kobolds
  13 rats
59 creatures vanquished.

Vanquished Creatures (others)
  A jackal (D:3)
  A rat (D:2)
  A toadstool (D:1)
3 creatures vanquished.

Grand Total: 62 creatures vanquished

Notes
Turn   | Place    | Note
--------------------------------------------------------------
     0 | D:1      | Lightli, the Mummy Stalker, began the quest for the Orb.
     0 | D:1      | Reached XP level 1. HP: 15/15 MP: 1/1
   253 | D:1      | Reached skill level 2 in Transmutations
   352 | D:1      | Reached XP level 2. HP: 16/21 MP: 2/2
   427 | D:1      | Learned a level 2 spell: Evaporate
  2083 | D:1      | Reached skill level 1 in Fire Magic
  4023 | D:1      | Reached XP level 3. HP: 19/26 MP: 3/3
  5183 | D:3      | Reached XP level 4. HP: 26/33 MP: 5/5
  5245 | D:3      | Slain by a gnoll
